 Dungeon Crawl Stone Soup version 0.31-a0-868-g674d60d6f7 (console) character file.

Game seed: 16535153450399233415

1683 petzl the Sneak (level 9, -4/64 (68) HPs)
             Began as a Formicid Delver on Oct 10, 2023.
             Was an Initiate of Vehumet.
             Slain by an ogre
             ... wielding a +0 giant club
              (13 damage)
             ... on level 7 of the Dungeon on Oct 11, 2023.
             The game lasted 00:45:42 (9489 turns).

petzl the Sneak (Formicid Delver)                   Turns: 9489, Time: 00:45:43

HP:   -4/64 (68)    AC:  7    Str: 18      XL:     9   Next: 22%
MP:   16/16         EV: 12    Int: 13      God:    Vehumet [......]
Gold: 208           SH:  5    Dex: 14 (15) Spells: 4/18 levels left

rFire   . . .        a - +1 dagger (venom) {!f =f}
rCold   + . .        C - orb {guile}
rNeg    . . .        r - +0 ring mail
rPois   .            (helmet unavailable)
rElec   .            F - +0 cloak
rCorr   .            s - +0 pair of gloves
SInv    +            (no boots)
Will    .....        j - amulet of reflection
Stlth   +++          K - ring of flight
HPRegen 0.30/turn    M - ring of protection from cold
MPRegen 0.15/turn

%: reflection
@: flying, drained
A: permanent stasis, dig shafts and tunnels, antennae 3, four strong arms
a: Dig, Shaft Self, Renounce Religion


You were on level 7 of the Dungeon.
You worshipped Vehumet.
Vehumet was noncommittal.
You visited 2 branches of the dungeon, and saw 13 of its levels.

You collected 494 gold pieces.
You spent 286 gold pieces at shops.

Inventory:

Hand Weapons
 a - a +1 dagger of venom (weapon) {!f =f}
 b - a +0 shortbow
 w - a +0 quarterstaff
 E - a +0 spear of venom {!f =f}
 L - a +0 short sword of venom
Missiles
 e - 2 throwing nets
 i - 74 stones
 p - 16 poisoned darts (quivered)
 y - 2 boomerangs
Armour
 r - a +0 ring mail (worn)
 s - a +0 pair of gloves (worn)
 C - an orb of guile (worn)
 F - a +0 cloak (worn)
Jewellery
 j - an amulet of reflection (around neck)
 K - a ring of flight (left hand)
 M - a ring of protection from cold (right hand)
 N - a +6 ring of intelligence
Talismans
 o - a blade talisman
Wands
 f - a wand of digging (3)
 k - a wand of flame (29)
 x - a wand of iceblast (11)
Scrolls
 c - 2 scrolls of fog
 d - a scroll of revelation
 q - 2 scrolls of enchant weapon {unknown}
 v - a scroll of amnesia {unknown}
 A - a scroll of enchant armour {unknown}
 B - 2 scrolls of teleportation {unknown}
 J - a scroll of brand weapon {unknown}
 O - a scroll of identify {unknown}
Potions
 g - a potion of berserk rage {unknown}
 h - 3 potions of heal wounds {unknown}
 l - 6 potions of enlightenment {unknown}
 m - 4 potions of curing {unknown}
 n - 3 potions of degeneration {unknown}
 t - 4 potions of brilliance {unknown}
 u - a potion of invisibility {unknown}
 z - 3 potions of mutation {unknown}
 D - a potion of ambrosia {unknown}
 G - 2 potions of might {unknown}
 H - 2 potions of haste {unknown}
 I - a potion of resistance {unknown}


   Skills:
 + Level 5.5 Fighting
 - Level 2.2 Maces & Flails
 + Level 3.3 Ranged Weapons
 - Level 3.0 Armour
 + Level 4.1 Dodging
 - Level 6.1 Stealth
 + Level 5.2 Spellcasting
 + Level 4.1 Conjurations
 + Level 1.7 Ice Magic
 + Level 1.4 Air Magic
 - Level 2.0 Evocations


You had 4 spell levels left.
You knew the following spells:

 Your Spells              Type           Power      Damage    Failure   Level
a - Magic Dart            Conj           56%        1d5       6%          1
b - Hailstorm             Conj/Ice       10%        3d5       28%         3
f - Freeze                Ice            28%        1d5       16%         1
l - Freezing Cloud        Conj/Ice/Air   4%         6-21      97%         5
p - Passage of Golubria   Tloc           3%         N/A       97%         4

Your spell library contained the following spells:

 Spells                   Type           Power      Damage    Failure   Level
 Searing Ray              Conj           28%        2d5       9%          2
 Cigotuvi's Dreadful Rot  Necr/Pois/Air  8%         N/A       36%         2
 Frozen Ramparts          Ice            14%        1d3       43%         3
 Ignite Poison            Fire/Tmut/Pois 3%         N/A       67%         3
 Fulminant Prism          Conj/Hex       4%         3d5       80%         4
 Manifold Assault         Tloc           3%         N/A       97%         4
 Blink                    Tloc           Unusable   N/A       N/A         2

Dungeon Overview and Level Annotations

Branches:
Dungeon (12/15)            Temple (1/1) D:6            Lair (0/5) D:11
    Orc: D:9-12

Altars:
Cheibriados
Dithmenos
Fedhas
Gozag
Hepliaklqana
Kikubaaqudgha
Makhleb
Nemelex Xobeh
Okawaru
Qazlal
Ru
Sif Muna
Trog
Uskayaw
Vehumet
Wu Jian
Xom
Yredelemnul
Zin
The Shining One

Shops:
D:5 :

Annotations:
D:6 exclusion: water moccasin
D:7 exclusion: killer bee
D:8 exclusions: downstairs and sensed monster (detected), Jeremiah
D:11 exclusions: acid dragon and two-headed ogre


Innate Abilities, Weirdness & Mutations

You cannot be hasted, slowed, berserked, paralysed or teleported.
You can dig through walls and to a lower floor.
You have a pair of large antennae on your head. (SInv)
Your four strong arms can wield two-handed weapons with a shield.


Message History

The quasit is severely wounded.
The quasit bites you but does no damage.
The quasit closely misses you. x2
You closely miss the quasit.
The quasit is severely wounded.
The quasit closely misses you.
The quasit claws you but does no damage.
The quasit barely misses you.
The quasit bites you but does no damage.
The quasit completely misses you. You block the quasit's attack.
You miss the quasit.
The quasit is severely wounded.
The quasit barely misses you. The quasit closely misses you.
The quasit claws you.
You feel clumsy.
You barely miss the quasit.
The quasit is almost dead.
The quasit barely misses you.
The quasit claws you but does no damage. x2
You miss the quasit.
The quasit is almost dead.
You kill the quasit!
Vehumet accepts your kill.
You hit the ogre.
The ogre is lightly wounded.
The ogre hits you with a +0 giant club!!
You hit the ogre.
The ogre is poisoned.
The ogre is moderately wounded.
The ogre hits you with a +0 giant club!
You closely miss the ogre.
The ogre is moderately wounded.
You hit the ogre.
The ogre looks as sick as possible!
The ogre is moderately wounded.
The ogre hits you with a +0 giant club!!
* * * LOW HITPOINT WARNING * * *
Okay, then.
Unknown command.
Unknown command.
Are you sure you want to shaft yourself?
The ogre hits you with a +0 giant club!
You die...

{ {{ { ## ## .. .# #y #..
##.##.# #. # .. .......#.
###. .. ...>....# ....#. #.#
#.♣.P#.## #.# #.......# #.#
#### .P?.....# #.# .... { ..
.# #.# # #.# ##### ..#.
#.#.# #.##### #...#
...#####.#.# #...... ..#
...........# ######.
..###########.######.### #.
.)##.##.##.##.# #O# #.
........##.##.## #@# ##
..###.####.##..#####.# ..#
#.# #.........#.# #######
####### ..# #.#
#.###'###.#.#
#...>.######...... ..# #.#
##.# #.# #.#.#
#.###......)......
..###.###..###.###.#.# #.#
########.#####
...........###_..'...# #.#
##.# #
...........###.###.#.# #.#
###>.##### .#..).##.#.# #.#
#...# #.# #.........
.#...♣##...###+###.#####.###
#.#.######
......###..........# #.....#
#.#.# # #.###.#########.####
#.###.#####...# # .......#
#.# #.# #.......#.## #
#####.)# #.#
#.###..###.###.## #..#
#.######.......#.## ##.#
#..########..............###
###
#....)).<.......#####....#
##.######.###.....##.....#
##.## #.# #........#...####
♣


You could see an ogre (extremely poisoned).

Vanquished Creatures
  A sky beast (D:7)
  A black bear (D:4)
  4 ogres
  2 centaurs
  2 kobold brigands
  A scorpion (D:5)
  4 hounds
  A quasit (D:7)
  3 jellies (D:6)
  2 orc priests (D:7)
  A gnoll bouda (D:6)
  A sleepcap (D:4)
  Terence (D:3)
  3 iguanas
  Robin (D:3)
  15 gnolls
  6 adders
  3 ufetubi
  5 worms
  A dart slug (D:2)
  13 orcs
  3 bats
  9 endoplasms
  3 giant cockroaches
  13 goblins
  3 hobgoblins
  5 jackals
  16 kobolds
  3 quokkas
  6 ball pythons
  A frilled lizard (D:1)
  8 rats
141 creatures vanquished.

Notes
Turn   | Place    | Note
-------+----------+-------------------------------------------
     0 | D:5      | petzl the Formicid Delver began the quest for the Orb.
     0 | D:5      | Reached XP level 1. HP: 18/18 MP: 1/1
    26 | D:6      | Noticed a water moccasin
    54 | D:7      | Noticed a centaur
   141 | D:4      | Reached XP level 2. HP: 24/24 MP: 2/2
   186 | D:3      | Reached skill level 1 in Spellcasting
   217 | D:3      | Noticed Robin
   225 | D:3      | You fall into a shaft and drop 3 floors!
   272 | D:5      | Noticed an ogre
   276 | D:4      | Found a shadowy altar of Dithmenos.
   281 | D:4      | Reached XP level 3. HP: 28/29 MP: 4/4
   317 | D:4      | Noticed a black bear
   322 | D:4      | Found a radiant altar of Vehumet.
   332 | D:5      | Noticed a scorpion
   671 | D:1      | Learned a level 1 spell: Magic Dart
   974 | D:1      | Reached XP level 4. HP: 35/35 MP: 7/7
  1861 | D:2      | Reached skill level 1 in Armour
  2318 | D:2      | Reached XP level 5. HP: 42/42 MP: 8/8
  2410 | D:3      | Reached skill level 1 in Evocations
  2522 | D:3      | Reached skill level 1 in Conjurations
  2604 | D:3      | Found a faded altar of an unknown god.
  2871 | D:3      | Killed Robin
  3008 | D:3      | Learned a level 3 spell: Hailstorm
  3010 | D:3      | Learned a level 1 spell: Freeze
  3085 | D:3      | Noticed Terence
  3092 | D:3      | Killed Terence
  3093 | D:3      | Reached XP level 6. HP: 48/48 MP: 8/10
  3652 | D:4      | Noticed an ogre
  4595 | D:5      | Noticed an ogre
  4610 | D:5      | Reached XP level 7. HP: 48/54 MP: 11/11
  4802 | D:5      | Found Yvuiramaec's Tiny Tomes.
  4806 | D:5      | Bought the Atlas of Peregrination for 130 gold pieces
  4811 | D:5      | Learned a level 4 spell: Passage of Golubria
  4929 | D:5      | Reached skill level 1 in Ranged Weapons
  5300 | D:5      | Reached XP level 8. HP: 57/61 MP: 13/13
  5528 | D:5      | Found an opulent altar of Gozag.
  6198 | D:4      | Became a worshipper of Vehumet
  6279 | D:6      | Reached skill level 5 in Fighting
  6733 | D:5      | Upgraded the game from 0.31-a0-865-g3d5d91748a to
                  | 0.31-a0-868-g674d60d6f7
  6735 | D:5      | Bought Esten's Spellbook of Aeromancy for 156 gold pieces
  6741 | D:5      | Learned a level 5 spell: Freezing Cloud
  6756 | D:6      | Found a staircase to the Ecumenical Temple.
  6795 | Temple   | Entered the Ecumenical Temple
  7669 | D:7      | Reached skill level 1 in Ice Magic
  7732 | D:7      | Reached skill level 5 in Spellcasting
  7732 | D:7      | Reached skill level 1 in Air Magic
  7732 | D:7      | Reached XP level 9. HP: 59/68 MP: 16/16
  8276 | D:6      | You are sucked into a shaft and drop 3 floors!
  8407 | D:9      | Noticed a troll
  8431 | D:9      | You are sucked into a shaft and drop 2 floors!
  8441 | D:11     | Noticed an unseen horror
  8624 | D:10     | Entered Level 10 of the Dungeon
  8667 | D:9      | You are sucked into a shaft and drop 2 floors!
  8684 | D:11     | Found a staircase to the Lair.
  8748 | D:11     | You are sucked into a shaft and drop 1 floor!
  8970 | D:11     | Noticed a two-headed ogre
  9230 | D:8      | Noticed Jeremiah
  9375 | D:7      | Found a blossoming altar of Fedhas.
  9426 | D:7      | Found a glowing golden altar of the Shining One.
  9489 | D:7      | Slain by an ogre

Illustrated notes

Levels and vault maps discovered:
D:1:      dpeg_arrival_stonehenge_8_columns, layout_basic
D:2:      layout_basic, moated_statue, minmay_misc_feat_columns
D:3:      layout_loops_ring, cheibrodos_sewer_entry_bend,
          hellmonk_ecumenical_altar_leap_of_faith, uniq_robin, uniq_terence
D:4:      layout_layer_cave, mainiacjoe_overflow_catwalk, grunt_dithmenos_smoke
D:5:      layout_cave_pools, marbit_many_paths,
          nicolae_shop_i_like_small_books_too
D:6:      layout_cave_pools, temple_pool_b, grunt_ministairs_9,
          nicolae_lava_and_water
D:7:      layout_loops_ring, lemuel_tele_altar, lemuel_doored_altar,
          ebering_ghost_rock_garden, serial_demonic, serial_demonic_e,
          serial_demonic_g, serial_demonic_c, serial_demonic_e,
          uniq_crazy_yiuf_cottage
D:8:      layout_gridville, elyvilon_altar_5, uniq_erica, uniq_jeremiah
D:9:      layout_stronghold, nzn_life_drinkers
D:10:     layout_basic, nicolae_ashenzari_skybound, uniq_lodul
D:11:     layout_grid_maze, lair_entry_dummy, minivault_14, grunt_ministairs_13,
          dreamdust_wishing_well, minmay_misc_feat_roman,
          minmay_guarded_unrand_finisher
D:12:     minmay_shrinking_squares, layout_loops_cross, orc_0_dummy,
          evilmike_minifort
Temple:   regret_index_temple_generic_petals

Skill      XL: |  1  2  3  4  5  6  7  8  9 |
---------------+----------------------------+-----
Dodging        | 2 3 4 |  4.1
Spellcasting   | 1 2 3 5 |  5.2
Armour         | 1 2 3 |  3.0
Evocations     | 1 2 |  2.0
Conjurations   | 1 2 3 4 |  4.1
Fighting       | 4 5 |  5.5
Ranged Weapons | 1 3 |  3.3
Ice Magic      | 1 |  1.7
Air Magic      | 1 |  1.4
Maces & Flails | |  2.2
Stealth        | |  6.1

Action                     |  1- 3 |  4- 6 |  7- 9 || total
---------------------------+-------+-------+-------++-------
  Melee: Mace              |    47 |       |       ||    47
         Dagger            |    37 |   183 |   242 ||   462
         Punch             |     1 |     1 |       ||     2
   Fire: Sling             |       |    34 |    78 ||   112
         Shortbow          |       |       |    30 ||    30
  Throw: Dart              |       |       |     5 ||     5
Ability: Shaft Self        |     1 |       |     5 ||     6
         Dig               |     1 |     1 |     3 ||     5
  Evoke: Wand              |       |       |     2 ||     2
    Use: Scroll            |       |       |     3 ||     3
   Stab: Sleeping          |     3 |    12 |     2 ||    17
 Armour: Leather armour    |    66 |     5 |       ||    71
         Ring mail         |       |   101 |   167 ||   268
  Dodge: Dodged            |    57 |    77 |   169 ||   303
  Block: Other             |    30 |    25 |       ||    55
         Reflection        |     1 |       |     5 ||     6
         Orb               |       |    11 |    76 ||    87

Table legend: (Time is in decaauts)
 A = Elapsed time spent in this place.
 B = Non-inter-level travel time spent in this place.
 C = Inter-level travel time spent in this place.
 D = Time resting spent in this place.
 E = Time spent auto-exploring this place.
 F = Levels seen in this place.
 G = Mean time per level.
                   A        B        C        D        E       F      G
               +--------+--------+--------+--------+--------+-----+--------+
         Total |   9537 |   8909 |    628 |   2016 |   4044 |  13 |  733.6 |
       Dungeon |   9535 |   8907 |    628 |   2016 |   4044 |  12 |  794.6 |
        Temple |      1 |      1 |      0 |      0 |      0 |   1 |    1.0 |
               +--------+--------+--------+--------+--------+-----+--------+

Top non-repeatable levels by time:
     D:4: 2119 daAuts
     D:6: 1632 daAuts
     D:3: 1204 daAuts
     D:5: 1066 daAuts
     D:1: 947 daAuts
     D:2: 924 daAuts
     D:7: 664 daAuts
    D:11: 315 daAuts
     D:9: 315 daAuts
    D:12: 199 daAuts
     D:8: 99 daAuts
    D:10: 45 daAuts
  Temple: 1 daAuts
